cohdb
Replays
Latest Replays
All Replays
Popular Replays
Top Player Replays
Match Explorer
How It Works
Community
CoH3 Stats
Reddit
Sign in to upload your games and track your stats! →
Sign in with Steam
Match 25082589
Unlisted
Match 25082589
Overview
Messages
Build Orders
End
Panzergrenadier Squad
Selects Armored Support Battlegroup
Panzergrenadier Squad
250 Light Carrier
Construct Light Support Kompanie
Combat Half-tracks
Panzerjäger Squad
MG34 Team
Fire Support Elements
Pak 38 Mechanized Group
Assault Grenadier Squad
Flakvierling Half-track
2.5-tonne Medical Truck
Veteran Squad Leaders
Selects Salvage Kits
Selects Panzer Storm
Pak 38 Mechanized Group
Construct Panzerarmee Kommand
Selects Stuka Anti-tank Loiter
Panzer III L Medium Tank
Armored Reserves
Vehicle Survival Package
Devoli
Wolphi
^3
W1NGROVE
0
0
Comments
sign in to comment!
No comments posted yet!